 Dungeon Crawl Stone Soup version 0.25.1-2-g60ff931df9 (webtiles) character file.

Game seed: 9162425160961079499

1017 Curus the Spear-Bearer (level 8, -10/96 HPs)
             Began as a Hill Orc Monk on Nov 3, 2020.
             Was a Believer of Okawaru.
             Mangled by an orc warrior
             ... wielding a +0 trident
              (15 damage)
             ... on level 6 of the Dungeon.
             The game lasted 00:23:15 (5880 turns).

Curus the Spear-Bearer (Hill Orc Monk)              Turns: 5880, Time: 00:23:15

Health: -10/96     AC: 11    Str: 14      XL:     8   Next: 22%
Magic:  0/8        EV:  6    Int: 10      God:    Okawaru [**....]
Gold:   59         SH:  0    Dex: 10 (13) Spells: 7/7 levels left

rFire    + . .     SeeInvis .   a - +2 spear
rCold    . . .     Gourm    .   (no shield)
rNeg     . . .     Faith    .   l - +0 chain mail
rPois    .         Spirit   +   i - +1 helmet
rElec    .         Reflect  .   (no cloak)
rCorr    .         Harm     .   (no gloves)
MR       .....     Clarity  +   (no boots) Stlth ..........Rnd*Tele +
                                p - amulet of guardian spirit
HPRegen  0.26/turn              n - ring of teleportation (curse)
MPRegen  0.11/turn              k - ring of protection from fire

@: berserking, lethally poisoned (-10 -> -11), very quick
A: clarity, clumsy 1, shaggy fur 1
a: Heroism, Renounce Religion


You were on level 6 of the Dungeon.
You worshipped Okawaru.
Okawaru was pleased with you.
You were not hungry.

You visited 2 branches of the dungeon, and saw 7 of its levels.

You collected 213 gold pieces.
You spent 154 gold pieces at shops.

Inventory:

Hand Weapons
 a - a +2 spear (weapon)
Armour
 b - a +0 robe
 d - a +0 ring mail
 i - a +1 helmet (worn)
 l - a +0 chain mail (worn)
Jewellery
 e - an uncursed ring of positive energy
 f - an uncursed ring of resist corrosion
 k - a ring of protection from fire (right hand)
 n - a cursed ring of teleportation (left hand)
 p - an amulet of guardian spirit (around neck)
Wands
 o - a wand of digging (7)
 s - a wand of iceblast (9)
 t - a wand of flame (23)
Scrolls
 h - 2 scrolls of teleportation
 j - 8 scrolls of identify
 q - a scroll of blinking
Potions
 m - a potion of stabbing
 r - a potion of brilliance
Comestibles
 c - 8 rations
 u - 4 chunks of flesh


   Skills:
 - Level 3.6 Fighting
 + Level 10.6 Polearms
 - Level 2.4 Dodging
 - Level 1.5 Stealth


You had 7 spell levels left.
You didn't know any spells.
Your spell library was empty.

Dungeon Overview and Level Annotations

Branches:
Dungeon (6/15)             Temple (1/1) D:5

Altars:
Ashenzari
Dithmenos
Elyvilon
Fedhas
Gozag
Hepliaklqana
Makhleb
Nemelex Xobeh
Okawaru
Qazlal
Ru
Sif Muna
Trog
Vehumet
Wu Jian
Xom
Zin
The Shining One

Shops:
D:5 *

Annotations:
D:4 Sigmund


Innate Abilities, Weirdness & Mutations

You possess an exceptional clarity of mind.
You are clumsy. (Dex -2)
You are covered in fur. (AC +1)


Message History

The crimson imp hits you but does no damage.
Your chain mail prevents you from hitting the crimson imp.
The crimson imp is heavily wounded.
You hit the crimson imp.
The crimson imp is heavily wounded.
You feel sick.
The orc warrior hits you from afar with a +0 trident!
* * * LOW HITPOINT WARNING * * *
You are too berserk!
Unknown command.
Unknown command.
You closely miss the crimson imp.
The crimson imp is heavily wounded.
The crimson imp hits you but does no damage.
You hit the crimson imp.
The crimson imp is severely wounded.
You closely miss the crimson imp.
The crimson imp is severely wounded.
The orc warrior hits you from afar with a +0 trident!
You die...

#.....
##....o
#......
.......
...)...
.......
.....o5#####
......)@...#
..........##
.........##
#.####..!# $
##..# .##. #
#


You could see an orc warrior, an orc wizard and a crimson imp.

Vanquished Creatures
  Edmund (D:4)
  A water moccasin (D:6)
  Duvessa (D:4)
  A centaur (D:5)
  A bullfrog (D:3)
  A scorpion (D:6)
  Dowan (D:4)
  A crimson imp (D:6)
  A jelly (D:3)
  A centaur skeleton (D:4)
  2 hounds
  An orc wizard (D:6)
  2 bullfrog skeletons (D:5)
  Ijyb (D:4)
  An iguana (D:5)
  2 worker ants
  Robin (D:2)
  An adder (D:2)
  A worm (D:2)
  5 leopard geckos
  8 orcs
  9 bats
  2 giant cockroaches (D:2)
  18 goblins
  4 hobgoblins
  14 jackals
  5 kobolds
  4 quokkas
  2 ball pythons (D:3)
  2 frilled lizards
  8 rats
103 creatures vanquished.

Notes
Turn   | Place    | Note
-------+----------+-------------------------------------------
     0 | D:1      | Curus the Hill Orc Monk began the quest for the Orb.
     0 | D:1      | Reached XP level 1. HP: 19/19 MP: 1/1
   196 | D:1      | Reached XP level 2. HP: 26/26 MP: 2/2
   214 | D:1      | Reached skill level 4 in Polearms
   878 | D:2      | Reached XP level 3. HP: 19/31 MP: 3/3
  1000 | D:2      | Found a hazy altar of Hepliaklqana.
  1399 | D:2      | Noticed Robin
  1412 | D:2      | Killed Robin
  1412 | D:2      | Reached skill level 5 in Polearms
  1430 | D:2      | Reached XP level 4. HP: 15/39 MP: 4/4
  1876 | D:2      | Found a glowing silver altar of Zin.
  2097 | D:3      | Noticed a bullfrog
  2118 | D:3      | Killed a bullfrog
  2118 | D:3      | Reached skill level 6 in Polearms
  2118 | D:3      | Reached XP level 5. HP: 25/45 MP: 5/5
  2381 | D:3      | Noticed an air elemental
  2395 | D:3      | Found a stormy altar of Qazlal.
  2514 | D:3      | Noticed a water elemental
  2514 | D:3      | Noticed a fire elemental
  2723 | D:3      | Gained mutation: Your spells are a little harder to cast,
                  | but a little more powerful. [potion of mutation]
  2723 | D:3      | Gained mutation: Your body sometimes deteriorates upon
                  | taking damage. [potion of mutation]
  2723 | D:3      | Gained mutation: You are partially covered in slimy green
                  | scales. (AC +2) [potion of mutation]
  2768 | D:3      | Found an opulent altar of Gozag.
  3023 | D:4      | Reached skill level 7 in Polearms
  3023 | D:4      | Reached XP level 6. HP: 42/51 MP: 6/6
  3109 | D:4      | Noticed Edmund
  3178 | D:4      | Killed Edmund
  3349 | D:4      | Found a sacrificial altar of Ru.
  3350 | D:4      | Found a radiant altar of Vehumet.
  3451 | D:4      | Noticed Dowan
  3453 | D:4      | Noticed Duvessa
  3469 | D:4      | Killed Dowan
  3469 | D:4      | Reached skill level 8 in Polearms
  3500 | D:4      | Killed Duvessa
  3500 | D:4      | Reached XP level 7. HP: 30/57 MP: 7/7
  3892 | D:4      | Noticed Sigmund
  4183 | D:3      | Lost mutation: Your body sometimes deteriorates upon taking
                  | damage. [potion of mutation]
  4183 | D:3      | Lost mutation: Your spells are a little harder to cast, but
                  | a little more powerful. [potion of mutation]
  4183 | D:3      | Lost mutation: You are partially covered in slimy green
                  | scales. (AC +2) [potion of mutation]
  4183 | D:3      | Gained mutation: You are clumsy. (Dex -2) [potion of
                  | mutation]
  4183 | D:3      | Gained mutation: You possess an exceptional clarity of
                  | mind. [potion of mutation]
  4183 | D:3      | Gained mutation: You are covered in fur. (AC +1) [potion of
                  | mutation]
  4391 | D:4      | Noticed Ijyb
  4405 | D:4      | Killed Ijyb
  4623 | D:5      | Entered Level 5 of the Dungeon
  4703 | D:5      | Reached skill level 9 in Polearms
  4909 | D:5      | Found Qeuryuro's Elemental Accessories.
  5095 | D:5      | Found a staircase to the Ecumenical Temple.
  5101 | Temple   | Entered the Ecumenical Temple
  5109 | Temple   | Became a worshipper of Warmaster Okawaru
  5109 | Temple   | Reached * piety under Okawaru
  5109 | Temple   | Reached ** piety under Okawaru
  5642 | D:5      | Bought a wand of iceblast (10) for 154 gold pieces
  5789 | D:6      | Reached skill level 10 in Polearms
  5789 | D:6      | Reached XP level 8. HP: 58/64 MP: 6/8
  5880 | D:6      | Mangled by an orc warrior

Illustrated notes

Levels and vault maps discovered:
D:1:      beargit_arrival_greenhouse, layout_basic, serial_forest,
          infiniplex_forest_clump_diagonal, infiniplex_forest_lined_corner,
          infiniplex_forest_lined_4_way, infiniplex_forest_clump_small,
          infiniplex_forest_clump_curved
D:2:      layout_basic, lemuel_crystal_altar, lemuel_coloured_pillars_altar,
          uniq_robin
D:3:      layout_loops_ring, lemuel_crystal_altar,
          nicolae_qazlal_style_of_elements
D:4:      layout_gridville, gammafunk_temple_overflow_pools, uniq_sigmund,
          uniq_duvessa, uniq_ijyb, uniq_edmund
D:5:      layout_loops_ring, temple_statues, first_ration,
          nicolae_elemental_shop
D:6:      kennysheep_spiral_hall, layout_layer_cave
Temple:   nicolae_temple_x_marks_the_god

Skill      XL: |  1  2  3  4  5  6  7 |
---------------+----------------------+-----
Polearms       | 4 5 6 7 8 10 | 10.6
Fighting       | |  3.6
Dodging        | |  2.4
Stealth        | |  1.5

Action                   |  1- 3 |  4- 6 |  7- 9 || total
-------------------------+-------+-------+-------++-------
Melee: Spear             |   187 |   275 |   222 ||   684
Evoke: Wand              |       |       |     1 ||     1
  Use: Scroll            |     4 |     3 |     3 ||    10
       Potion            |     3 |     2 |     4 ||     9
 Stab: Sleeping          |     1 |       |       ||     1
  Eat: Chunk             |     2 |     6 |     5 ||    13
       Ration            |       |       |     1 ||     1
Armor: Ring mail         |    51 |    12 |       ||    63
       Chain mail        |       |    78 |    79 ||   157
Dodge: Dodged            |    90 |    71 |    40 ||   201
